Map: Ulrena

Players

zidar - Winner!

  • Race: Zerg Zerg
  • League: Gold
  • Spawn Location: 7:00

Campi

  • Race: Protoss Protoss
  • League: Gold
  • Spawn Location: 11:00

VOD

Have the link to the VOD?

Description

Time

  • Played on: May 31, 2016, 9:04 a.m.
  • Length: 6:57
Show
View Real Time Build Order
Export as new Build Order

zidar Zerg - Winner!

Build Orders: Pool First 

Get SALT Encoding   

  12  0:01  Drone  
  13  0:12  Overlord  
  13  0:17  Drone  
  14  0:31  Drone x2  
  14  0:34  Drone  
  17  0:49  Spawning Pool  
  17  0:50  Drone  
  17  0:53  Extractor  
  17  1:16  Hatchery  
  16  1:19  Drone  
  16  1:22  Extractor, Drone  
  18  1:25  Drone  
  18  1:38  Queen  
  20  1:44  Overlord  
  20  1:56  Zergling x4  
  22  2:08  Drone  
  22  2:13  Queen  
  25  2:22  Metabolic Boost  
  25  2:27  Roach Warren  
  25  2:29  Drone  
  24  2:49  Drone x3  
  27  3:04  Drone x4  
  31  3:09  Extractor  
  30  3:18  Roach x3  
  36  3:34  Overlord  
  36  3:59  Zergling x4  
  36  4:00  Zergling x12  
  39  4:12  Spore Crawler  
  37  4:30  Drone  
  37  4:31  Drone x6  
  28  5:15  Roach x6  
  28  5:16  Roach x2  
  44  5:30  Overlord x3  
  44  5:31  Overlord  
  44  5:36  Lair  
  44  5:54  Roach x8  
  60  6:11  Evolution Chamber  
  59  6:12  Evolution Chamber  
  59  6:16  Zergling x2  
  59  6:17  Zergling x6  
  62  6:23  Overlord  
  62  6:38  Extractor  
  61  6:40  Extractor  
Show
View Real Time Build Order
Export as new Build Order

Campi Protoss 

Build Orders: Oracle Opening 

Get SALT Encoding   

  12  0:01  Probe (Chrono Boost)  
  13  0:11  Probe (Chrono Boost)  
  14  0:20  Pylon  
  14  0:22  Probe (Chrono Boost)  
  15  0:38  Probe (Chrono Boost)  
  15  0:40  Gateway  
  16  0:46  Assimilator  
  16  0:48  Probe (Chrono Boost)  
  17  0:59  Probe (Chrono Boost)  
  17  1:03  Forge  
  18  1:12  Pylon  
  18  1:14  Probe (Chrono Boost)  
  19  1:40  Cybernetics Core  
  19  1:51  Probe (Chrono Boost)  
  20  1:54  Assimilator  
  20  1:58  Zealot  
  22  2:13  Photon Cannon  
  22  2:21  Stargate  
  23  2:36  Mothership Core (Chrono Boost)  
  24  2:56  Pylon  
  24  3:01  Warp Gate (Chrono Boost)  
  24  3:10  Oracle (Chrono Boost)  
  27  3:22  Gateway  
  27  3:25  Gateway  
  27  3:34  Nexus  
  27  3:43  Pylon  
  27  3:45  Probe  
  28  3:54  Oracle (Chrono Boost)  
  31  3:57  Probe  
  32  4:27  Stalker  
  32  4:31  Stalker x2  
  31  5:13  Probe  
  31  5:25  Probe  
  32  5:36  Zealot x3  
  32  5:38  Nexus  
  32  5:40  Pylon  
  32  5:42  Pylon  
  38  5:57  Void Ray  
  38  6:01  Photon Cannon  
  42  6:06  Sentry  
  42  6:09  Sentry  
  46  6:24  Probe  
  47  6:36  Probe  
Tags
 
Add a new tag
Caveats
  • Supply blocks, unpowered buildings, or Contaminate may cause inaccurate times.
  • Supply counts are checked every 10 seconds.